 Dungeon Sprint DCSS version 0.31.0-12-g77e489cdc1 (webtiles) character file.

Game seed: 5879273470059590939

27755 Groucho the Imperceptible (level 13, -5/79 HPs)
             Began as a Spriggan Gladiator on Mar 6, 2024.
             Was a Believer of Uskayaw.
             Killed from afar by Aizul (22 damage)
             ... with a poison arrow
             ... in the Dungeon (Sprint IX: "|||||||||||||||||||||||||||||").
             The game lasted 00:11:09 (4350 turns).

Groucho the Imperceptible (Spriggan Gladiator)      Turns: 4350, Time: 00:11:10

Health: -5/79      AC: 11    Str: 10    XL:     13   Next: 6%
Magic:  26/26      EV: 43    Int: 10    God:    Uskayaw [**....]
Gold:   1063       SH:  0    Dex: 21    Spells: 12/12 levels left

rFire   . . .        n - +2 rapier (drain)
rCold   . . .        (no shield)
rNeg    . . .        A - +0 acid dragon scales
rPois   .            c - +0 hat
rElec   .            g - +1 cloak of Starlight {*Dazzle EV+4 Stlth--}
rCorr   +            (gloves unavailable)
SInv    +            (boots unavailable)
Will    ++...        (no amulet)
Stlth   +++++++      w - +5 ring of evasion
HPRegen 0.33/turn    p - +2 ring of protection
MPRegen 0.20/turn

%: no teleportation
@: lethally poisoned (-5 -> -60), very quick
A: very small, no large weapons, unfitting armour, see invisible, speed 3
a: Renounce Religion, Stomp, Line Pass


You were in the Dungeon.
You worshipped Uskayaw.
Uskayaw was most pleased with you.
You visited 1 branch You collected 1917 gold pieces.
You spent 854 gold pieces at shops.

Inventory:

Hand Weapons
 n - a +2 rapier of draining (weapon)
Missiles
 d - 3 throwing nets (quivered)
 e - 2 boomerangs
Armour
 c - a +0 hat (worn)
 g - the +1 cloak of Starlight (worn) {*Dazzle EV+4 Stlth--}
   (You bought it in a shop in the Dungeon)

   *Dazzle:   It may blind those who miss an attack against the wearer in melee
   combat.
   EV+4:      It affects your evasion (+4).
   Stlth--:   It makes you much less stealthy.
 A - +0 acid dragon scales (worn)
 C - a +0 buckler of cold resistance
Jewellery
 o - a +3 ring of dexterity
 p - a +2 ring of protection (right hand)
 v - a ring of protection from cold
 w - a +5 ring of evasion (left hand)
 x - a ring of ice
 y - a +6 ring of intelligence
 z - a ring of fire
Wands
 m - a wand of light (10)
 s - a wand of charming (5)
Scrolls
 k - 4 scrolls of blinking
 l - 2 scrolls of amnesia
 t - 3 scrolls of identify
 u - 7 scrolls of fear
Potions
 a - a potion of heal wounds
 b - a potion of might
 f - 8 potions of curing
 h - 2 potions of haste
 i - 4 potions of magic
 j - a potion of mutation
 q - a potion of resistance
 r - a potion of berserk rage
 B - a potion of brilliance


   Skills:
 + Level 14.0 Fighting
 - Level 14.0 Short Blades
 - Level 2.0 Throwing
 + Level 4.3 Armour
 + Level 21.0 Dodging
 + Level 24.0 Stealth
 + Level 0.0 Shields
 + Level 16.3 Invocations


You had 12 spell levels left.
You didn't know any spells.
Your spell library contained the following spells:

 Spells                   Type           Power      Damage    Failure   Level
 Animate Dead             Necr           0%         N/A       99%         4
 Haunt                    Necr/Summ      0%         N/A       100%        7
 Infestation              Necr           0%         N/A       100%        8


Dungeon Overview and Level Annotations

Branches:
Dungeon (1/1)

Altars:
Cheibriados
Dithmenos
Elyvilon
Fedhas
Gozag
Hepliaklqana
Kikubaaqudgha
Makhleb
Nemelex Xobeh
Okawaru
Qazlal
Ru
Sif Muna
Trog
Uskayaw
Vehumet
Wu Jian
Xom
Yredelemnul
Zin
The Shining One
Jiyva
Lugonu

Shops:
D ([((

Annotations:
D Aizul, Saint Roka


Innate Abilities, Weirdness & Mutations

You are very small and have problems with some larger weapons.
You are too small for most types of armour.
You have supernaturally acute eyesight. (SInv)
You cover ground extremely quickly. (Speed+++)


Message History

Aizul casts a spell at you. The bolt of poison hits you!
You are poisoned.
Unknown command.
Unknown command.
Unknown command.
You feel better. Aizul completely misses you.
An orc comes into view. It is wielding a +0 club.
Aizul completely misses you.
You hit Aizul. You drain Aizul.
Aizul is moderately wounded.
Unknown command.
Unknown command.
You puncture Aizul!
Aizul is moderately wounded.
Aizul misses you.
Saint Roka mumbles some strange prayers to Beogh against you.
Beogh smites you!
You can now pass through a line of other dancers.
Unknown command.
Unknown command.
Unknown command.
Okay, then.
Saint Roka calls down the wrath of Beogh upon you.
Beogh smites you!
Aizul coils herself and waves her upper body at you.
You easily resist.
Aizul casts a spell at you. The bolt of poison misses you.
Aizul coils herself and waves her upper body at you.
The poison arrow hits you!
You are poisoned.
* * * LOW HITPOINT WARNING * * *
You feel very sick.
* * * LOW HITPOINT WARNING * * *
You feel very sick.
Aizul coils herself and waves her upper body at you.
The poison arrow hits you!!
You are more poisoned.
You die...

♣o▓.▓.▓.▓.▓.▓.▓_▓
♣.▓.▓.▓.▓.▓÷▓.▓_▓
♣h▓.▓.▓.▓.▓÷▓.▓_▓
♣S▓.▓.▓'▓.▓.▓.▓_▓
♣.▓.▓.▓)▓.▓'▓.▓'▓
♣.▓'▓.▓)▓.▓†▓.▓.▓
♣.▓.▓.▓)▓.▓.▓.▓.▓
♣.▓)▓.▓.▓)▓.▓.▓)▓
▓@▓)▓.▓)▓.▓÷▓.▓.▓
▓.▓)▓.▓∩▓.▓÷▓.▓.▓
▓.▓(▓.▓)▓.▓.▓.▓[▓
▓.▓(▓.▓∩▓.▓.▓.▓[▓
▓.▓)▓.▓)▓.▓.▓.▓.▓
▓.▓)▓.▓∩▓.▓[▓.▓.▓
▓.▓.▓.▓)▓.▓)▓.▓'▓
▓.▓(▓.▓∩▓.▓.▓.▓.▓
▓.▓.▓.▓.▓.▓.▓.▓)▓


You could see Aizul (drained) and a warg.

Vanquished Creatures
  Gastronok (D)
  2 stone giants (D)
  A fire dragon (D)
  A rakshasa (D)
  Erolcha (D)
  A catoblepas (D)
  A centaur warrior (D)
  2 tengu warriors (D)
  A boulder beetle (D)
  8 orc high priests (D)
  3 death yaks (D)
  Urug (D)
  Sonja (D)
  A necromancer (D)
  8 orc knights (D)
  An orc sorcerer (D)
  A cyclops (D)
  A manticore (D)
  2 black mambas (D)
  A slime creature (D)
  Joseph (D)
  An unseen horror (D)
  5 cane toads (D)
  A rime drake (D)
  An efreet (D)
  A komodo dragon (D)
  A hornet (D)
  A polar bear (D)
  A wyvern (D)
  A shadow (D)
  A basilisk (D)
  5 yaks (D)
  2 vampire mosquitoes (D)
  4 water moccasins (D)
  7 orc warriors (D)
  A laughing skull (D)
  3 centaurs (D)
  A bullfrog (D)
  3 howler monkeys (D)
  4 orc priests (D)
  An iguana (D)
  An orc wizard (D)
  12 orcs (D)
  A ball python (D)
  3 hobgoblins (D)
  A frilled lizard (D)
103 creatures vanquished.

Vanquished Creatures (others)
  A lich (D)
  A centaur (D)
2 creatures vanquished.

Grand Total: 105 creatures vanquished

Notes
Turn   | Place    | Note
-------+----------+-------------------------------------------
     0 | D        | Groucho the Spriggan Gladiator began the quest for the Orb.
     0 | D        | Reached XP level 1. HP: 10/10 MP: 2/2
    10 | D        | Reached skill level 1 in Stealth
    17 | D        | Reached skill level 1 in Invocations
    19 | D        | Reached skill level 2 in Stealth
   329 | D        | Noticed a howler monkey
   329 | D        | Noticed a centaur
   329 | D        | Noticed an orc priest
   329 | D        | Noticed an iguana
   335 | D        | Killed a howler monkey
   336 | D        | Reached skill level 5 in Dodging
   336 | D        | Reached skill level 4 in Stealth
   336 | D        | Reached XP level 2. HP: 16/16 MP: 3/5
   336 | D        | Reached XP level 3. HP: 19/19 MP: 3/6
   338 | D        | Killed a centaur
   339 | D        | Reached skill level 5 in Short Blades
   339 | D        | Reached skill level 6 in Stealth
   339 | D        | Reached XP level 4. HP: 25/25 MP: 3/7
   344 | D        | Reached XP level 5. HP: 15/29 MP: 3/9
   643 | D        | Reached skill level 7 in Stealth
   890 | D        | Found a snail-covered altar of Cheibriados.
   890 | D        | Found a shadowy altar of Dithmenos.
   890 | D        | Found a white marble altar of Elyvilon.
   890 | D        | Found a blossoming altar of Fedhas.
   890 | D        | Found an opulent altar of Gozag.
   891 | D        | Found a hazy altar of Hepliaklqana.
   892 | D        | Found a viscous altar of Jiyva.
   893 | D        | Found an ancient bone altar of Kikubaaqudgha.
   894 | D        | Found a corrupted altar of Lugonu.
   895 | D        | Found a burning altar of Makhleb.
   896 | D        | Found a sparkling altar of Nemelex Xobeh.
   897 | D        | Found an iron altar of Okawaru.
   898 | D        | Found a stormy altar of Qazlal.
   899 | D        | Found a sacrificial altar of Ru.
   900 | D        | Found a shimmering blue altar of Sif Muna.
   901 | D        | Found a bloodstained altar of Trog.
   902 | D        | Found a hide-covered altar of Uskayaw.
   903 | D        | Found a radiant altar of Vehumet.
   904 | D        | Found an ornate altar of the Wu Jian Council.
   905 | D        | Found a shimmering altar of Xom.
   906 | D        | Found a basalt altar of Yredelemnul.
   907 | D        | Found a glowing silver altar of Zin.
   908 | D        | Found a glowing golden altar of the Shining One.
   916 | D        | Became a worshipper of Uskayaw the Reveller
   951 | D        | Noticed a vampire mosquito
   951 | D        | Noticed a centaur
   951 | D        | Noticed a shadow
   951 | D        | Noticed a centaur
   951 | D        | Noticed an unseen horror
   951 | D        | Noticed a centaur
   953 | D        | Killed a vampire mosquito
   953 | D        | Reached * piety under Uskayaw
   954 | D        | Reached skill level 5 in Fighting
   954 | D        | Reached skill level 8 in Stealth
   954 | D        | Reached skill level 5 in Invocations
   954 | D        | Reached XP level 6. HP: 35/35 MP: 9/11
   955 | D        | Reached ** piety under Uskayaw
   956 | D        | Reached skill level 9 in Stealth
   958 | D        | Reached *** piety under Uskayaw
   959 | D        | Killed a shadow
   960 | D        | Reached skill level 10 in Stealth
   967 | D        | Reached **** piety under Uskayaw
   969 | D        | Reached XP level 7. HP: 31/39 MP: 6/13
   976 | D        | Reached ***** piety under Uskayaw
   983 | D        | Killed an unseen horror
   984 | D        | Reached skill level 10 in Dodging
   984 | D        | Reached skill level 11 in Stealth
  1327 | D        | Noticed a boulder beetle
  1327 | D        | Noticed a slime creature
  1327 | D        | Noticed a slime creature
  1327 | D        | Noticed a vampire mosquito
  1337 | D        | Killed a vampire mosquito
  1338 | D        | Reached skill level 12 in Stealth
  1338 | D        | Reached XP level 8. HP: 22/45 MP: 9/14
  1346 | D        | Killed a boulder beetle
  1347 | D        | Reached skill level 10 in Short Blades
  1347 | D        | Reached skill level 13 in Stealth
  1351 | D        | Killed a large slime creature
  1352 | D        | Reached XP level 9. HP: 23/51 MP: 2/16
  1768 | D        | Noticed a black mamba
  1768 | D        | Noticed a komodo dragon
  1768 | D        | Noticed a cane toad
  1768 | D        | Noticed a cane toad
  1770 | D        | Killed a black mamba
  1771 | D        | Reached skill level 14 in Stealth
  1771 | D        | Noticed a black mamba
  1772 | D        | Killed a komodo dragon
  1776 | D        | Killed a cane toad
  1777 | D        | Reached skill level 15 in Stealth
  1777 | D        | Reached skill level 10 in Invocations
  1778 | D        | Killed a cane toad
  1781 | D        | Killed a black mamba
  1785 | D        | Reached skill level 16 in Stealth
  1785 | D        | Reached XP level 10. HP: 57/58 MP: 18/18
  1788 | D        | Noticed a cane toad
  1788 | D        | Noticed a cane toad
  1788 | D        | Noticed a cane toad
  1792 | D        | Killed a cane toad
  1792 | D        | Reached ****** piety under Uskayaw
  1801 | D        | Killed a cane toad
  1817 | D        | Reached skill level 15 in Dodging
  1821 | D        | Reached skill level 17 in Stealth
  1821 | D        | Killed a cane toad
  2066 | D        | Noticed a catoblepas
  2066 | D        | Noticed a death yak
  2067 | D        | Noticed a death yak
  2069 | D        | Noticed a death yak
  2076 | D        | Killed a catoblepas
  2077 | D        | Reached skill level 10 in Fighting
  2087 | D        | Killed a death yak
  2088 | D        | Reached skill level 18 in Stealth
  2096 | D        | Killed a death yak
  2097 | D        | Reached XP level 11. HP: 44/64 MP: 12/21
  2098 | D        | Killed a death yak
  2397 | D        | Noticed Sonja
  2403 | D        | Killed Sonja
  2416 | D        | Noticed Urug
  2434 | D        | Killed Urug
  2435 | D        | Reached skill level 19 in Stealth
  2465 | D        | Noticed Erolcha
  2466 | D        | Noticed Gastronok
  2472 | D        | Killed Erolcha
  2490 | D        | Killed Gastronok
  2933 | D        | Noticed an orc knight
  2934 | D        | Noticed an orc knight
  2940 | D        | Noticed an orc sorcerer
  2941 | D        | Killed an orc knight
  2942 | D        | Reached skill level 20 in Stealth
  3340 | D        | Killed an orc sorcerer
  3396 | D        | Killed an orc knight
  3435 | D        | Found Lier's Weapon Emporium.
  3435 | D        | Noticed an orc high priest
  3435 | D        | Noticed an orc high priest
  3435 | D        | Noticed an orc knight
  3435 | D        | Noticed an orc high priest
  3435 | D        | Noticed an orc high priest
  3436 | D        | Noticed an orc high priest
  3437 | D        | Killed an orc high priest
  3438 | D        | Found Onoall's Antique Armour Shoppe.
  3439 | D        | Killed an orc high priest
  3440 | D        | Noticed an orc knight
  3441 | D        | Killed an orc knight
  3442 | D        | Reached skill level 21 in Stealth
  3442 | D        | Found Ciky's Antique Weapon Emporium.
  3443 | D        | Found Cizuekk's Antique Weapon Shoppe.
  3443 | D        | Noticed an orc knight
  3443 | D        | Noticed an orc high priest
  3444 | D        | Killed an orc high priest
  3445 | D        | Reached XP level 12. HP: 72/72 MP: 18/23
  3446 | D        | Killed an orc high priest
  3446 | D        | Noticed an orc high priest
  3447 | D        | Killed an orc high priest
  3449 | D        | Noticed an orc high priest
  3453 | D        | Killed an orc high priest
  3454 | D        | Reached skill level 22 in Stealth
  3456 | D        | Killed an orc high priest
  3457 | D        | Reached skill level 15 in Invocations
  3457 | D        | Killed an orc high priest
  3512 | D        | Bought the +1 cloak of Starlight {*Dazzle EV+4 Stlth--} for
                  | 854 gold pieces
  3512 | D        | Found the +1 cloak of Starlight {*Dazzle EV+4 Stlth--}
  3730 | D        | Noticed Joseph
  3744 | D        | Killed Joseph
  3880 | D        | Noticed a centaur warrior
  3881 | D        | Noticed a tengu warrior
  3903 | D        | Noticed a stone giant
  3905 | D        | Reached skill level 1 in Armour
  3907 | D        | Noticed a tengu warrior
  3912 | D        | Killed a centaur warrior
  3913 | D        | Reached skill level 23 in Stealth
  3913 | D        | Noticed a fire dragon
  3915 | D        | Noticed a lich
  3921 | D        | Killed a tengu warrior
  3928 | D        | Killed a stone giant
  3928 | D        | Noticed a stone giant
  3931 | D        | Noticed a rakshasa
  3942 | D        | Killed a rakshasa
  3947 | D        | Killed a tengu warrior
  3948 | D        | Killed a fire dragon
  3951 | D        | Killed a lich
  3952 | D        | Reached XP level 13. HP: 48/78 MP: 14/26
  3954 | D        | Killed a stone giant
  3955 | D        | Reached skill level 24 in Stealth
  4327 | D        | Identified the serpent talisman of Cutuid {rElec rF++ rC-
                  | Int+2}
  4327 | D        | Noticed Aizul
  4331 | D        | Noticed Saint Roka
  4350 | D        | Killed from afar by Aizul

Illustrated notes

Levels and vault maps discovered:
D:        linesprint [early_d, line_temple, items_1, d_10, items_2, lair_1,
          lair_end, items_3, orc_1, orc_end, items_4, d_15, swamp_1, shoals_1,
          snake_1, spider_1, d_20, vaults_1, items_5, swamp_end, shoals_end,
          snake_end, spider_end, vaults_end, d_27, items_6, zot_1, zot_end,
          crypt_end, forest_end, elf_end, slime_end, tomb_end, abyss_end,
          pan_hell_end]

Skill      XL: |  1  2  3  4  5  6  7  8  9 10 11 12 13 |
---------------+----------------------------------------+-----
Stealth        | 4 6 8 10 12 13 16 18 21 23 24 | 24.0
Invocations    | 2 3 4 5 6 7 9 10 12 14 16 | 16.3
Fighting       | 2 3 4 5 6 7 9 10 12 13 14 | 14.0
Short Blades   | 4 5 6 7 8 9 10 12 13 14 | 14.0
Dodging        | 5 6 7 8 9 11 12 14 16 18 20 21 | 21.0
Armour         | 4 |  4.3
Throwing       | |  2.0

Action                     |  1- 3 |  4- 6 |  7- 9 | 10-12 | 13-15 || total
---------------------------+-------+-------+-------+-------+-------++-------
  Melee: Rapier            |    24 |    35 |    38 |   218 |    12 ||   327
         Punch             |       |     1 |       |     4 |       ||     5
 Invoke: Line Pass         |       |     1 |     4 |    16 |     1 ||    22
    Use: Potion            |     1 |     1 |       |     4 |     1 ||     7
         Scroll            |       |       |       |     1 |       ||     1
   Stab: Sleeping          |       |     2 |     4 |    12 |       ||    18
         Paralysed         |       |     1 |     2 |    12 |       ||    15
         Invisible         |       |     1 |       |     2 |     1 ||     4
         Confused          |       |       |     3 |    15 |       ||    18
         Distracted        |       |       |       |     2 |       ||     2
 Armour: Robe              |     6 |     9 |     7 |    14 |       ||    36
         Acid dragon scale |       |       |       |    10 |     3 ||    13
  Dodge: Dodged            |    15 |    25 |    23 |   113 |    11 ||   187
